AoeStats
← 阿多卡獵陶

Black Forest

509861040Analyzed
4v4 RM · 3d ago on Sep 28, 2026· 48m 10s· 8 players
Game mode
Random Map
Map size
Large (8 player)
Population
200
Speed
Normal
Resources
Standard
Victory
Conquest
Starting age
Dark Age
Ending age
Imperial Age
RankedLock teamsTeams togetherTeam positionsShared explorationLock speedFull tech treeHidden civsTurbo modeCheats
Victory
Defeat
🇨🇳 Japanese · China
1162
+17
🇨🇳 Koreans · China
1106
+20
🇹🇼 Tatars · Taiwan
1080
+30
🇹🇼 Persians · Taiwan
1045
+22
🇨🇳 Malay · China
1203
-21
🇹🇼 Japanese · Taiwan
1202
-21
🇹🇼 Bulgarians · Taiwan
1170
-19
🇧🇾 Armenians · Belarus
1159
-19
tugou
0:51 Loom
13:41 Feudal Age
19:36 Castle Age
18:01 Double-Bit Axe
18:08 Horse Collar
19:57 Fletching
21:42 Bow Saw
21:59 Bodkin Arrow
22:39 Gold Mining
26:01 Ballistics
32:52 Imperial Age
33:42 Bracer
35:19 Heavy Rocket Cart
36:09 Stone Mining
36:49 Conscription
38:56 Wheelbarrow
44:00 Two-Man Saw
44:37 Hand Cart
44:35 Elite War Wagon
47:59 Chemistry
geekchang
10:58 Feudal Age
12:08 Double-Bit Axe
14:50 Castle Age
13:34 Horse Collar
16:24 Wheelbarrow
16:50 Bow Saw
18:49 Gold Mining
21:00 Stone Mining
24:51 Loom
28:13 Imperial Age
25:35 Town Watch
27:52 Hand Cart
28:14 Gold Shaft Mining
28:02 Fletching
29:22 Bodkin Arrow
29:42 Padded Archer Armor
30:34 Bloodlines
30:27 Bracer
30:38 Forging
30:11 Treadmill Crane
31:31 Chemistry
31:24 Scale Barding Armor
31:21 Husbandry
30:43 Light Cavalry
31:56 Heavy Cavalry Archer
32:58 Leather Archer Armor
32:09 Hussar
33:28 Ballistics
34:08 Conscription
34:24 Silk Armor
35:02 Chain Barding Armor
34:24 Onager
34:46 Pikeman
36:29 Plate Barding Armor
37:00 Murder Holes
41:21 Ring Archer Armor
41:26 Iron Casting
40:59 Siege Engineers
41:29 Guilds
43:01 Scale Mail Armor
43:30 Timurid Siegecraft
45:08 Blast Furnace
47:09 Heavy Plow
阿多卡獵陶
10:49 Feudal Age
9:29 Loom
14:51 Castle Age
12:46 Double-Bit Axe
13:02 Horse Collar
15:19 Heavy Plow
15:31 Bow Saw
22:29 Wheelbarrow
25:42 Hand Cart
25:41 Gold Mining
25:44 Stone Mining
30:39 Imperial Age
28:11 Town Watch
29:13 Gold Shaft Mining
29:15 Devotion
29:11 Herbal Medicine
29:22 Murder Holes
29:34 Scale Barding Armor
29:40 Forging
30:10 Coinage
29:45 Caravan
30:37 Bloodlines
30:27 Husbandry
30:44 Town Patrol
31:12 Chain Barding Armor
30:19 Cavalier
31:29 Ballistics
32:10 Chemistry
32:12 Conscription
32:39 Iron Casting
32:50 Plate Barding Armor
33:09 Crop Rotation
33:56 Two-Man Saw
34:22 Blast Furnace
34:11 Stone Shaft Mining
33:26 Savar
34:55 Banking
35:08 Guilds
35:59 Light Cavalry
36:46 Hussar
40:26 Masonry
44:58 Architecture
45:05 Heavy Camel Rider
ouujkj
0:52 Loom
11:30 Feudal Age
13:23 Double-Bit Axe
15:59 Castle Age
14:15 Horse Collar
17:05 Bow Saw
19:14 Wheelbarrow
23:06 Gold Mining
23:28 Stone Mining
29:23 Imperial Age
27:39 Fletching
27:50 Padded Archer Armor
28:44 Ballistics
28:43 Bodkin Arrow
29:25 Gold Shaft Mining
29:53 Leather Archer Armor
31:20 Two-Man Saw
31:28 Chemistry
31:03 Caravan
31:44 Hand Cart
31:17 Town Watch
32:03 Conscription
32:28 Bracer
32:59 Ring Archer Armor
33:52 Thumb Ring
33:08 Heavy Cavalry Archer
33:34 Pikeman
34:15 Squires
34:17 Scale Mail Armor
34:52 Halberdier
36:42 Chain Mail Armor
36:38 Forging
37:55 Plate Mail Armor
39:25 Iron Casting
43:08 Blast Furnace
41:50 Onager
42:24 Elite Samurai
43:34 Siege Engineers
43:40 Masonry
43:26 Murder Holes
43:24 Guard Tower
47:02 Keep
Wospenzukh
0:29 Loom
15:21 Feudal Age
21:10 Castle Age
20:02 Double-Bit Axe
21:28 Stone Mining
26:06 Fletching
30:04 Padded Archer Armor
33:08 Wheelbarrow
35:37 Bow Saw
39:29 Bodkin Arrow
41:27 Leather Archer Armor
42:23 Pikeman
44:59 Squires
45:06 Gold Mining
Mazus
11:22 Feudal Age
9:41 Loom
12:07 Double-Bit Axe
15:57 Castle Age
14:38 Horse Collar
20:51 Wheelbarrow
20:53 Bow Saw
21:55 Heavy Plow
23:05 Gold Mining
25:10 Hand Cart
25:26 Stone Mining
29:51 Imperial Age
27:10 Town Watch
27:33 Scale Barding Armor
27:39 Forging
27:53 Gambesons
28:08 Squires
27:54 Arson
29:50 Chain Barding Armor
30:42 Iron Casting
33:34 Blast Furnace
32:34 Scale Mail Armor
33:16 Crop Rotation
33:55 Bloodlines
33:45 Husbandry
33:53 Caravan
33:54 Light Cavalry
34:54 Chain Mail Armor
36:46 Plate Barding Armor
36:39 Stirrups
37:05 Conscription
36:26 Capped Ram
38:46 Plate Mail Armor
38:09 Pikeman
38:15 Hussar
38:58 Elite Konnik
40:04 Halberdier
44:25 Fletching
45:01 Siege Ram
勇敢牛牛
12:05 Feudal Age
12:27 Loom
12:41 Double-Bit Axe
12:39 Horse Collar
15:00 Castle Age
21:10 Bow Saw
23:19 Wheelbarrow
24:27 Hand Cart
24:26 Caravan
26:30 Town Watch
26:48 Heavy Plow
29:20 Imperial Age
27:48 Scale Barding Armor
27:54 Forging
29:05 Ballistics
29:05 Husbandry
29:28 Conscription
29:46 Elite Battle Elephant
31:20 Iron Casting
31:21 Gold Mining
31:25 Stone Mining
32:07 Crop Rotation
33:20 Blast Furnace
33:37 Squires
33:22 Arson
32:58 Pikeman
34:44 Gold Shaft Mining
34:46 Stone Shaft Mining
36:15 Chemistry
35:21 Siege Engineers
35:27 Masonry
34:57 Treadmill Crane
35:08 Heated Shot
36:08 Coinage
35:50 Guilds
40:08 Elite Karambit Warrior
43:38 Light Cavalry
44:53 Forced Levy
NaCl
0:29 Loom
13:51 Feudal Age
15:10 Double-Bit Axe
17:47 Castle Age
16:13 Horse Collar
18:56 Bow Saw
18:48 Heavy Plow
18:41 Stone Mining
19:07 Gold Mining
26:50 Fortified Wall
27:34 Treadmill Crane
28:16 Ballistics
31:22 Imperial Age
29:48 Wheelbarrow
29:31 Fletching
30:27 Guard Tower
30:55 Bodkin Arrow
31:00 Pikeman
32:11 Scale Mail Armor
32:51 Yasama
32:16 Halberdier
33:26 Squires
33:45 Forging
33:58 Chain Mail Armor
35:03 Iron Casting
35:39 Chemistry
34:27 Arrowslits
35:25 Plate Mail Armor
35:22 Conscription
36:03 Elite Skirmisher
37:54 Chemistry
38:19 Blast Furnace
38:44 Bracer
39:35 Keep
39:12 Murder Holes
42:22 Masonry
43:16 Padded Archer Armor
45:25 Thumb Ring
Connection lost

Rejoining the realm…

Still unreachable

The connection could not be restored.

Session expired

The server has moved on; the page needs a fresh start.